 Dungeon Crawl Stone Soup version 0.30-b1-2-g02819fbbbe (webtiles) character file.

Game seed: 9801441083858275933

11469 LLlMATKO the Fighter (level 11, -4/101 HPs)
             Began as a Minotaur Berserker on May 29, 2023.
             Was a High Priest of Trog.
             Slain by a death yak (17 damage)
             ... on level 9 of the Dungeon.
             The game lasted 00:09:17 (9226 turns).

LLlMATKO the Fighter (Minotaur Berserker)           Turns: 9226, Time: 00:09:17

Health: -4/101     AC: 15    Str: 24    XL:     11   Next: 49%
Magic:  10/10      EV: 14    Int:  4    God:    Trog [*****.]
Gold:   283        SH:  5    Dex: 12    Spells: 10/10 levels left

rFire   + . .        w - +0 hand axe (flame)
rCold   . . .        (no shield)
rNeg    . . .        m - +2 scale mail {rF+}
rPois   .            (helmet restricted)
rElec   .            K - +2 cloak {rCorr}
rCorr   +            (no gloves)
SInv    .            c - +0 pair of boots
Will    .....        L - amulet of reflection Stlth
                     k - ring of flight
HPRegen 0.36/turn    (no ring)
MPRegen 0.12/turn

%: reflection
@: on berserk cooldown, flying, slowed, very slow
A: horns 2, retaliatory headbutt
a: Renounce Religion, Berserk, Trog's Hand, Brothers in Arms


You were on level 9 of the Dungeon.
You worshipped Trog.
Trog was extremely pleased with you.
You visited 1 branch of the dungeon, and saw 10 of its levels.

You collected 613 gold pieces.
You spent 330 gold pieces at shops.

Inventory:

Hand Weapons
 q - a +3 sling of electrocution
 r - the +1 sling of Fuzzy Optimality {heavy, Fly Will- rCorr Str-4}
   (You found it on level 3 of the Dungeon)

   Str:       It affects your strength (-4).
   Fly:       It grants you flight.
   rCorr:     It protects you from acid and corrosion.
   Will:      It decreases your willpower.
 v - a +2 hand axe of draining
 w - a +0 hand axe of flaming (weapon)
 Q - a +1 demon whip of venom
Missiles
 n - 27 poisoned darts (quivered)
 C - 10 boomerangs
 D - 4 atropa-tipped darts
 H - 3 silver boomerangs
 P - 2 curare-tipped darts
Armour
 c - a +0 pair of boots (worn)
 m - a +2 scale mail of fire resistance (worn)
 K - a +2 cloak of preservation (worn)
Jewellery
 k - a ring of flight (left hand)
 L - an amulet of reflection (around neck)
Wands
 a - a wand of mindburst (16)
 t - a wand of paralysis (18)
 y - a wand of acid (9)
 R - a wand of digging (6)
Scrolls
 d - 6 scrolls of identify {unknown}
 e - 2 scrolls of enchant armour {unknown}
 g - 2 scrolls of acquirement {unknown}
 l - 3 scrolls of immolation {unknown}
 p - 3 scrolls of enchant weapon {unknown}
 s - 2 scrolls of amnesia {unknown}
 x - 2 scrolls of blinking {unknown}
 A - 3 scrolls of brand weapon {unknown}
 F - 2 scrolls of poison {unknown}
 I - a scroll of vulnerability {unknown}
 J - 3 scrolls of magic mapping {unknown}
 M - a scroll of fog {unknown}
Potions
 b - 3 potions of curing {unknown}
 f - a potion of ambrosia {unknown}
 h - 3 potions of brilliance {unknown}
 i - 2 potions of heal wounds {unknown}
 j - a potion of degeneration {unknown}
 o - 2 potions of lignification {unknown}
 u - 2 potions of might {unknown}
 z - a potion of mutation {unknown}
 B - 2 potions of flight {unknown}
 E - a potion of resistance {unknown}
 G - a potion of attraction {unknown}
 N - a potion of haste {unknown}
 O - a potion of invisibility


   Skills:
 + Level 10.7 Fighting
 + Level 10.6 Axes
 + Level 8.6 Ranged Weapons
 + Level 10.3 Armour
 + Level 9.4 Dodging


You had 10 spell levels left.
You didn't know any spells.
Your spell library was empty.

Dungeon Overview and Level Annotations

Branches:
Dungeon (10/15)            Temple (0/1) D:5
   Lair: D:8-11         Orc: D:9-12

Altars:
Cheibriados
Gozag
Makhleb
Okawaru
Qazlal
Ru
Trog
Uskayaw
Wu Jian
Xom
Zin

Shops:
D:5 *


Innate Abilities, Weirdness & Mutations

You have a pair of horns on your head.
You reflexively headbutt those who attack you in melee.


Message History

Trog accepts your kill.
Trog will now gift you melee weapons as you gain piety.
The death yak gores you.
You hit the death yak but do no damage.
The death yak is heavily wounded.
The death yak gores you.
Unknown command.
You hit the death yak. You burn the death yak.
The death yak is heavily wounded.
The death yak gores you!!
* * * LOW HITPOINT WARNING * * *
The yak closely misses you. You furiously retaliate!
You headbutt the yak. The death yak barely misses you.
Unknown command.
You block the death yak's attack. The death yak barely misses you.
The death yak attacks as you move away! You block the death yak's attack.
There is a stone staircase leading up here.
The death yak closely misses you. You furiously retaliate!
You headbutt the death yak. The death yak gores you.
* * * LOW HITPOINT WARNING * * *
You fly upwards.
There is a stone staircase leading down here.
You hit the death yak. You burn the death yak. You headbutt the death yak!
The death yak is severely wounded.
The death yak misses you.
You barely miss the death yak.
The death yak is severely wounded.
The death yak completely misses you.
You hit the death yak. You burn the death yak. You headbutt the death yak.
The death yak is severely wounded.
The death yak gores you!
* * * LOW HITPOINT WARNING * * *
You barely miss the death yak.
The death yak is severely wounded.
The death yak gores you but does no damage.
You hit the death yak but do no damage.
The death yak is severely wounded.
The death yak gores you!
You die...

#................#########.....
###......................#.#.#.#.
.................................
.###########.............#.#.#.#.
.# #....................# .#
#.............#.#.#.## .#
#....................# .#
#.............#.#.#.## .#
#....@...............#
.###########...Y.........#.#.#.#.
.................................
#######..............##..#.#.#.#.
#..............###.........
#..............# ###.#.#.#.
#..............# #........
#..............# ##.#.#.#.
#..............# #....>...


You could see a death yak.

Vanquished Creatures
  A hydra (D:9)
  2 death yaks (D:10)
  2 two-headed ogres (D:10)
  Amaemon (D:9)
  Joseph (D:8)
  An orange demon (D:10)
  A hornet (D:5)
  Grinder (D:4)
  2 dream sheep (D:9)
  A wraith (D:10)
  13 yaks
  A wyvern (D:9)
  3 steam dragons (D:8)
  A water moccasin (D:5)
  A sky beast (D:7)
  2 ice beasts (D:7)
  A black bear (D:5)
  2 ogres
  7 centaurs
  A phantom (D:5)
  7 kobold brigands
  4 bullfrogs
  A gnoll sergeant (D:8)
  14 wights
  6 killer bees (D:9)
  4 howler monkeys
  4 hounds
  A gnoll bouda (D:5)
  8 orc priests
  3 jellies
  5 iguanas
  2 orc wizards (D:7)
  Robin (D:4)
  2 adders
  8 gnolls
  2 shadow imps
  A white imp (D:4)
  An ufetubus (D:5)
  A worm (D:3)
  3 dart slugs
  25 orcs
  8 bats
  4 endoplasms
  6 giant cockroaches
  15 hobgoblins
  8 ball pythons
  A frilled lizard (D:1)
  8 goblins
  17 kobolds
  3 rats (D:3)
218 creatures vanquished.

Vanquished Creatures (others)
  7 plants
7 creatures vanquished.

Grand Total: 225 creatures vanquished

Notes
Turn   | Place    | Note
-------+----------+-------------------------------------------
     0 | D:1      | LLlMATKO the Minotaur Berserker began the quest for the
                  | Orb.
     0 | D:1      | Reached XP level 1. HP: 19/19 MP: 0/0
   317 | D:1      | Reached XP level 2. HP: 26/27 MP: 1/1
  1422 | D:3      | Found an ornate altar of the Wu Jian Council.
  1572 | D:3      | Reached XP level 3. HP: 33/33 MP: 2/2
  1592 | D:3      | Reached ** piety under Trog
  1736 | D:3      | Identified the +8 rapier "Jujuec" {flame, rF+}
  1771 | D:3      | Noticed an ogre
  1777 | D:3      | Killed an ogre
  1778 | D:3      | Reached XP level 4. HP: 41/41 MP: 3/3
  1784 | D:3      | Found an iron altar of Okawaru.
  2169 | D:3      | Reached XP level 5. HP: 46/47 MP: 4/4
  2251 | D:3      | Identified the +1 sling of Fuzzy Optimality {heavy, Fly
                  | Will- rCorr Str-4}
  2616 | D:4      | Noticed Robin
  2631 | D:4      | Killed Robin
  2981 | D:4      | Reached skill level 1 in Ranged Weapons
  2984 | D:4      | Reached skill level 5 in Fighting
  2984 | D:4      | Reached skill level 5 in Axes
  2985 | D:4      | Reached XP level 6. HP: 19/56 MP: 5/5
  3234 | D:4      | Noticed Grinder
  3238 | D:4      | Paralysed by Grinder for 4 turns
  3246 | D:4      | Killed Grinder
  3721 | D:5      | Entered Level 5 of the Dungeon
  3721 | D:5      | Found Geczent's General Store.
  3919 | D:5      | Reached XP level 7. HP: 50/62 MP: 6/6
  3959 | D:5      | Reached skill level 5 in Armour
  3963 | D:5      | Reached *** piety under Trog
  4157 | D:5      | Found a staircase to the Ecumenical Temple.
  4316 | D:5      | Noticed a hornet
  4322 | D:5      | Reached skill level 5 in Dodging
  4328 | D:5      | Killed a hornet
  4329 | D:5      | Reached XP level 8. HP: 71/71 MP: 7/7
  4705 | D:6      | Found a snail-covered altar of Cheibriados.
  4731 | D:6      | Found a hide-covered altar of Uskayaw.
  4731 | D:6      | Found a glowing silver altar of Zin.
  4733 | D:6      | Found a sacrificial altar of Ru.
  4734 | D:6      | Found a shimmering altar of Xom.
  4735 | D:6      | Found a bloodstained altar of Trog.
  5761 | D:7      | Reached XP level 9. HP: 77/79 MP: 8/8
  5814 | D:7      | Reached skill level 5 in Ranged Weapons
  5919 | D:7      | Found a burning altar of Makhleb.
  6721 | D:8      | Reached **** piety under Trog
  7148 | D:8      | Noticed Joseph
  7161 | D:8      | Killed Joseph
  7162 | D:8      | Reached XP level 10. HP: 68/90 MP: 9/9
  7891 | D:5      | Bought an amulet of reflection for 330 gold pieces
  8243 | D:9      | Noticed a three-headed hydra
  8254 | D:9      | Killed a one-headed hydra
  8384 | D:9      | Reached skill level 10 in Fighting
  8409 | D:9      | Reached XP level 11. HP: 70/99 MP: 10/10
  8499 | D:9      | Found a stormy altar of Qazlal.
  8633 | D:9      | Reached ***** piety under Trog
  8634 | D:9      | Reached skill level 10 in Axes
  8865 | D:10     | Entered Level 10 of the Dungeon
  8865 | D:10     | Noticed Amaemon
  8887 | D:9      | Killed Amaemon
  9055 | D:10     | Found an opulent altar of Gozag.
  9169 | D:10     | Noticed a death yak
  9172 | D:10     | Noticed a death yak
  9175 | D:10     | Noticed a two-headed ogre
  9181 | D:10     | Noticed a two-headed ogre
  9181 | D:10     | Noticed a death yak
  9193 | D:10     | Killed a death yak
  9199 | D:10     | Killed a two-headed ogre
  9200 | D:10     | Reached skill level 10 in Armour
  9204 | D:10     | Killed a death yak
  9208 | D:10     | Killed a two-headed ogre
  9226 | D:9      | Slain by a death yak

Illustrated notes

Levels and vault maps discovered:
D:1:      minmay_arrival_plants_in_alcoves, layout_loops_ring
D:2:      layout_loops_ring
D:3:      minmay_octagon_keep, layout_basic, nicolae_wu_jian_wuxing_cycle,
          okawaru_ov_weapons_minmay
D:4:      layout_basic, uniq_grinder, uniq_robin
D:5:      layout_rooms, minmay_temple_entry_glassed_door, serial_shops,
          nicolae_shop_crystal, kennysheep_cluttered_room, grunt_decor_junction,
          solitary_fountain, kennysheep_small_square
D:6:      layout_basic, minitemple, chequers_arboretum
D:7:      layout_gridville, kennysheep_mini_moat, kennysheep_generic_room_12
D:8:      layout_cave_pools, serial_column_ruins, column_ruins_hut,
          column_ruins_open_tiny, column_ruins_columns_corner,
          column_ruins_open_tiny, column_ruins_corridor_corner, uniq_joseph
D:9:      layout_long_grid, nicolae_qazlal_scattered_showers, st_stairs_12,
          hangedman_ranch
D:10:     layout_roguey, grunt_gozag_statues, dpeg_lair_monsters,
          nicolae_trove_entry_isolated, chequers_serial_rivers_micro_c,
          uniq_amaemon, uniq_grum

Skill      XL: |  1  2  3  4  5  6  7  8  9 10 11 |
---------------+----------------------------------+-----
Fighting       | 4 5 6 7 8 10 | 10.7
Axes           | 4 5 6 7 8 9 10 | 10.6
Armour         | 3 4 5 6 8 9 10 | 10.3
Dodging        | 3 4 5 6 7 8 9 |  9.4
Ranged Weapons | 1 2 3 4 6 7 8 |  8.6

Action                     |  1- 3 |  4- 6 |  7- 9 | 10-12 || total
---------------------------+-------+-------+-------+-------++-------
  Melee: Hand axe          |    70 |       |    77 |   158 ||   305
         Headbutt          |    10 |    13 |    37 |    46 ||   106
         War axe           |     8 |    81 |   134 |       ||   223
         Punch             |       |       |     4 |     2 ||     6
         Battleaxe         |       |       |     4 |       ||     4
   Fire: Sling             |       |       |       |    91 ||    91
  Throw: Dart              |       |     3 |       |     2 ||     5
         Boomerang         |       |     1 |       |       ||     1
 Invoke: Berserk           |       |     3 |     7 |     2 ||    12
   Stab: Sleeping          |     1 |       |       |       ||     1
 Armour: Animal skin       |    23 |       |       |       ||    23
         Chain mail        |     3 |    58 |    91 |       ||   152
         Scale mail        |       |       |    34 |    85 ||   119
  Dodge: Dodged            |    44 |    40 |   126 |   103 ||   313
  Block: Other             |       |       |       |    33 ||    33
         Reflection        |       |       |       |     2 ||     2
